HSSL
SPANISH FORK HS @ MARIS SCHOOL MARINERS
04/14/2028
 
TOP OF THE 1ST
Spanish Fork HS batting - Pitching for Maris School Mariners : RHP Mike George
Pitching: RHP Mike George
Batting: RHB River Sullivan 0-0: Foul Ball, location: 2F
0-1: Ball
1-1: Ball
2-1: Swinging Strike
2-2: Ball
3-2: Strikes out looking
Batting: RHB Thad Bauer 0-0: Ball
1-0: Fly out, F9 (Flyball, 9LSF)
Batting: RHB John Arnold 0-0: Called Strike
0-1: Called Strike
0-2: Foul Ball, location: 2F
0-2: Ball
1-2: Ball
2-2: Foul Ball, location: 2F
2-2: Foul Ball, location: 2F
2-2: Foul Ball, location: 2F
2-2: Ground out 6-3 (Groundball, 6)
Top of the 1st over - 0 run(s), 0 hit(s), 0 error(s), 0 left on base; Spanish Fork HS 0 - Maris School 0
BOTTOM OF THE 1ST
Maris School Mariners batting - Pitching for Spanish Fork HS : RHP Mike Sinclair
Pitching: RHP Mike Sinclair
Batting: RHB Richard Jeffries 0-0: Ball
1-0: Ball
2-0: Called Strike
2-1: Foul Ball, location: 2F
2-2: Strikes out swinging
Batting: RHB Dusty Pope 0-0: Fly out, F8 (Flyball, 8RD)
Batting: LHB Alexander Randolph 0-0: Called Strike
0-1: Swinging Strike
0-2: Ball
1-2: Ground out 3-1 (Groundball, 34)
Bottom of the 1st over - 0 run(s), 0 hit(s), 0 error(s), 0 left on base; Spanish Fork HS 0 - Maris School 0
TOP OF THE 2ND
Spanish Fork HS batting - Pitching for Maris School Mariners : RHP Mike George
Batting: RHB Geoffrey Billings 0-0: Ball
1-0: Ball
2-0: Called Strike
2-1: Foul Ball, location: 2F
2-2: Ball
3-2: SINGLE (Groundball, 6MD)
Batting: RHB David Brady 0-0: Ball
1-0: Foul Ball, location: 2F
1-1: Ball
2-1: Ball
3-1: Base on Balls
Geoffrey Billings to second
Batting: RHB Octávio Ramérez 0-0: Foul Ball, location: 2F
0-1: Foul Ball, location: 2F
0-2: Ball
1-2: Strikes out swinging
Batting: RHB Thomas Hollis 0-0: Ball
1-0: Ball
2-0: Ball
3-0: Base on Balls
Geoffrey Billings to third
David Brady to second
Batting: RHB Michael MacDonald 0-0: Called Strike
0-1: Foul Ball, location: 2F
0-2: Fly out, F9 (Flyball, 9S)
Batting: SHB Iván Flores 0-0: Called Strike
0-1: Called Strike
0-2: Ball
1-2: Strikes out swinging
Top of the 2nd over - 0 run(s), 1 hit(s), 0 error(s), 3 left on base; Spanish Fork HS 0 - Maris School 0
BOTTOM OF THE 2ND
Maris School Mariners batting - Pitching for Spanish Fork HS : RHP Mike Sinclair
Batting: RHB Neal Sánchez 0-0: Ball
1-0: Fly out, F7 (Line Drive, 7)
Batting: LHB Miguel Gamboa 0-0: Ball
1-0: Swinging Strike
1-1: Ball
2-1: Ball
3-1: Swinging Strike
3-2: Base on Balls
Batting: RHB Miguel Vargas 0-0: Ball
1-0: Called Strike
1-1: Foul Ball, location: 2F
1-2: Ball
2-2: Ball
3-2: SINGLE (Groundball, 13) (infield hit)
Miguel Gamboa to second
Batting: SHB Albert Montgomery 0-0: Called Strike
0-1: Ball
1-1: Ball
2-1: 3-RUN HOME RUN (Flyball, 9LD), Distance : 370 ft
Batting: RHB Ed Lovett 0-0: Ball
1-0: Called Strike
1-1: Swinging Strike
1-2: Foul Ball, location: 2F
1-2: Foul Ball, location: 2F
1-2: Ball
2-2: Strikes out swinging
Batting: RHB Stephen Welshman 0-0: Called Strike
0-1: Ball
1-1: Foul Ball, location: 2F
1-2: Strikes out swinging
Bottom of the 2nd over - 3 run(s), 2 hit(s), 0 error(s), 0 left on base; Spanish Fork HS 0 - Maris School 3
TOP OF THE 3RD
Spanish Fork HS batting - Pitching for Maris School Mariners : RHP Mike George
Batting: RHB River Sullivan 0-0: Ball
1-0: Ball
2-0: Foul Ball, location: 2F
2-1: Foul Ball, location: 2F
2-2: Strikes out swinging
Batting: RHB Thad Bauer 0-0: Foul Ball, location: 2F
0-1: Called Strike
0-2: SINGLE (Groundball, 56S) (infield hit)
Batting: RHB John Arnold 0-0: Ball
1-0: Swinging Strike
1-1: Ball
2-1: Foul Ball, location: 2F
2-2: Strikes out swinging
Batting: RHB Geoffrey Billings 0-0: Called Strike
0-1: Foul Ball, location: 2F
0-2: Foul Ball, location: 2F
0-2: Ball
1-2: Strikes out swinging
Top of the 3rd over - 0 run(s), 1 hit(s), 0 error(s), 1 left on base; Spanish Fork HS 0 - Maris School 3
BOTTOM OF THE 3RD
Maris School Mariners batting - Pitching for Spanish Fork HS : RHP Mike Sinclair
Batting: RHB Richard Jeffries 0-0: Called Strike
0-1: Ball
1-1: Called Strike
1-2: Foul Ball, location: 2F
1-2: Strikes out swinging
Batting: RHB Dusty Pope 0-0: Foul Ball, location: 2F
0-1: Ball
1-1: Called Strike
1-2: Strikes out swinging
Batting: LHB Alexander Randolph 0-0: Called Strike
0-1: Ball
1-1: Swinging Strike
1-2: Fly out, F9 (Flyball, 9LM)
Bottom of the 3rd over - 0 run(s), 0 hit(s), 0 error(s), 0 left on base; Spanish Fork HS 0 - Maris School 3
TOP OF THE 4TH
Spanish Fork HS batting - Pitching for Maris School Mariners : RHP Mike George
Batting: RHB David Brady 0-0: Ball
1-0: Foul Ball, location: 2F
1-1: Ball
2-1: Ball
3-1: Foul Ball, location: 2F
3-2: Ground out 6-3 (Groundball, 6)
Batting: RHB Octávio Ramérez 0-0: Ball
1-0: Swinging Strike
1-1: Ball
2-1: Ball
3-1: Swinging Strike
3-2: Strikes out looking
Batting: RHB Thomas Hollis 0-0: Called Strike
0-1: Foul Ball, location: 2F
0-2: Ball
1-2: Fly out, F7 (Line Drive, 7S)
Top of the 4th over - 0 run(s), 0 hit(s), 0 error(s), 0 left on base; Spanish Fork HS 0 - Maris School 3
BOTTOM OF THE 4TH
Maris School Mariners batting - Pitching for Spanish Fork HS : RHP Mike Sinclair
Batting: RHB Neal Sánchez 0-0: Ball
1-0: Called Strike
1-1: Foul Ball, location: 2F
1-2: Ball
2-2: SINGLE (Flyball, 78S)
Pitching: LHP Fred Spurr
Batting: LHB Miguel Gamboa 0-0: Called Strike
0-1: Ball
1-1: Foul Ball, location: 2F
1-2: Strikes out swinging
Batting: RHB Miguel Vargas 0-0: Swinging Strike
0-1: Swinging Strike
0-2: Ball
1-2: Ball
2-2: Foul Ball, location: 2F
2-2: Ball
3-2: Base on Balls
Neal Sánchez to second
Batting: SHB Albert Montgomery 0-0: Grounds into double play, 6-4-3 (Groundball, 6)
Bottom of the 4th over - 0 run(s), 1 hit(s), 0 error(s), 1 left on base; Spanish Fork HS 0 - Maris School 3
TOP OF THE 5TH
Spanish Fork HS batting - Pitching for Maris School Mariners : RHP Mike George
Batting: RHB Michael MacDonald 0-0: Foul Ball, location: 2F
0-1: Called Strike
0-2: Strikes out looking
Pitching: RHP Nick Rogers
Batting: SHB Iván Flores 0-0: Called Strike
0-1: Ball
1-1: Foul Ball, location: 2F
1-2: Strikes out swinging
Batting: RHB River Sullivan 0-0: Swinging Strike
0-1: Ball
1-1: Foul Ball, location: 2F
1-2: Ball
2-2: Foul Ball, location: 2F
2-2: Ground out 5-3 (Groundball, 25)
Top of the 5th over - 0 run(s), 0 hit(s), 0 error(s), 0 left on base; Spanish Fork HS 0 - Maris School 3
BOTTOM OF THE 5TH
Maris School Mariners batting - Pitching for Spanish Fork HS : LHP Fred Spurr
Batting: RHB Ed Lovett 0-0: Ball
1-0: Foul Ball, location: 2F
1-1: Fly out, F7 (Flyball, 78S)
Batting: RHB Stephen Welshman 0-0: Ball
1-0: Ball
2-0: Swinging Strike
2-1: Ball
3-1: Called Strike
3-2: Foul Ball, location: 2F
3-2: Base on Balls
Batting: RHB Richard Jeffries 0-0: Ball
1-0: Ball
2-0: Ball
3-0: Called Strike
3-1: Foul Ball, location: 2F
3-2: Foul Ball, location: 2F
3-2: Base on Balls
Stephen Welshman to second
Batting: RHB Dusty Pope 0-0: Called Strike
0-1: Ball
1-1: Foul Ball, location: 2F
1-2: Ball
2-2: Ball
3-2: SINGLE (Groundball, 6D)
Stephen Welshman to third
Richard Jeffries to second
Batting: LHB Alexander Randolph 0-0: Foul Ball, location: 2F
0-1: Foul Ball, location: 2F
0-2: Fielders Choice at 2nd, 3-6 (Groundball, 34)
Stephen Welshman scores
Richard Jeffries to third
Batting: RHB Neal Sánchez 0-0: Ball
1-0: Ball
2-0: Called Strike
2-1: Foul Ball, location: 2F
2-2: Strikes out swinging
Bottom of the 5th over - 1 run(s), 1 hit(s), 0 error(s), 2 left on base; Spanish Fork HS 0 - Maris School 4
TOP OF THE 6TH
Spanish Fork HS batting - Pitching for Maris School Mariners : RHP Nick Rogers
Batting: RHB Thad Bauer 0-0: Ball
1-0: Ground out 6-3 (Groundball, 6S)
Batting: RHB John Arnold 0-0: Called Strike
0-1: Ball
1-1: Foul Ball, location: 2F
1-2: Ball
2-2: Ball
3-2: Base on Balls
Batting: RHB Geoffrey Billings 0-0: Ball
1-0: Grounds into double play, 5-4-3 (Groundball, 56)
Top of the 6th over - 0 run(s), 0 hit(s), 0 error(s), 0 left on base; Spanish Fork HS 0 - Maris School 4
BOTTOM OF THE 6TH
Maris School Mariners batting - Pitching for Spanish Fork HS : LHP Fred Spurr
Batting: LHB Miguel Gamboa 0-0: Called Strike
0-1: Called Strike
0-2: Ball
1-2: Ground out 4-3 (Groundball, 4)
Batting: RHB Miguel Vargas 0-0: Ball
1-0: Called Strike
1-1: Foul Ball, location: 2F
1-2: Strikes out swinging
Batting: SHB Albert Montgomery 0-0: Ball
1-0: Ball
2-0: Ball
3-0: Base on Balls
Pitching: LHP Patrice Galipeau
Batting: RHB Ed Lovett 0-0: Ball
1-0: Foul Ball, location: 2F
1-1: Ball
2-1: Ball
3-1: Base on Balls
Albert Montgomery to second
Batting: RHB Stephen Welshman 0-0: Fly out, F7 (Line Drive, 78M)
Bottom of the 6th over - 0 run(s), 0 hit(s), 0 error(s), 2 left on base; Spanish Fork HS 0 - Maris School 4
TOP OF THE 7TH
Spanish Fork HS batting - Pitching for Maris School Mariners : RHP Nick Rogers
Batting: RHB David Brady 0-0: Ball
1-0: Called Strike
1-1: Ground out U3 (Groundball, 3)
Batting: RHB Octávio Ramérez 0-0: Ball
1-0: Called Strike
1-1: Swinging Strike
1-2: Ball
2-2: Ball
3-2: SOLO HOME RUN (Flyball, 7D), Distance : 405 ft
Batting: RHB Thomas Hollis 0-0: Called Strike
0-1: Ball
1-1: Ball
2-1: Foul Ball, location: 2F
2-2: Foul Ball, location: 2F
2-2: Ball
3-2: SINGLE (Flyball, 8LS)
Batting: RHB Michael MacDonald 0-0: Swinging Strike
0-1: Foul Ball, location: 2F
0-2: Ball
1-2: Ball
2-2: Strikes out looking
Batting: SHB Iván Flores 0-0: Ball
1-0: Ball
Wild Pitch!
Thomas Hollis to second
2-0: Ball
3-0: Called Strike
3-1: Base on Balls
Batting: RHB River Sullivan 0-0: Ball
1-0: Ball
2-0: Foul Ball, location: 2F
2-1: Foul Ball, location: 2F
2-2: Ground out 5-3 (Groundball, 5S)
Top of the 7th over - 1 run(s), 2 hit(s), 0 error(s), 2 left on base; Spanish Fork HS 1 - Maris School 4
BOTTOM OF THE 7TH
Maris School Mariners batting - Pitching for Spanish Fork HS : LHP Patrice Galipeau
Batting: RHB Richard Jeffries 0-0: DOUBLE (Flyball, 89M)
Batting: RHB Dusty Pope 0-0: Intentional Walk
Batting: LHB Alexander Randolph 0-0: Ball
1-0: Ball
2-0: Ball
3-0: Base on Balls
Richard Jeffries to third
Dusty Pope to second
Batting: RHB Neal Sánchez 0-0: Ball
1-0: Fly out, F8 (Flyball, 8RM)
Runner from 3rd tags up, SCORES, no throw
Batting: LHB Miguel Gamboa 0-0: Ball
1-0: Ball
2-0: Called Strike
2-1: Foul Ball, location: 2F
2-2: Ball
3-2: Base on Balls
Dusty Pope to third
Alexander Randolph to second
Batting: RHB Miguel Vargas 0-0: Called Strike
0-1: Ball
1-1: Foul Ball, location: 2F
1-2: Fly out, F6 (Line Drive, 6)
Batting: SHB Albert Montgomery 0-0: Ball
1-0: Called Strike
1-1: SINGLE (Line Drive, 3S)
Dusty Pope scores
Alexander Randolph to third
Miguel Gamboa to second
Runner from 3rd tries for Home, SAFE, no throw
Batting: RHB Ed Lovett 0-0: Called Strike
0-1: Ball
1-1: Ball
2-1: Swinging Strike
2-2: Strikes out swinging
Bottom of the 7th over - 3 run(s), 2 hit(s), 0 error(s), 2 left on base; Spanish Fork HS 1 - Maris School 7
TOP OF THE 8TH
Spanish Fork HS batting - Pitching for Maris School Mariners : RHP Nick Rogers
Pitching: LHP Juan Gallegos
Batting: RHB Thad Bauer 0-0: Foul Ball, location: 2F
0-1: Foul Ball, location: 2F
0-2: Ball
1-2: Foul Ball, location: 2F
1-2: Ball
2-2: Foul Ball, location: 2F
2-2: SINGLE (Line Drive, 89S)
Batting: RHB John Arnold 0-0: Ball
1-0: Foul Ball, location: 2F
1-1: Grounds into double play, 5-4-3 (Groundball, 5L)
Batting: RHB Geoffrey Billings 0-0: Ball
1-0: Foul Ball, location: 2F
1-1: Ground out 5-3 (Groundball, 5L)
Top of the 8th over - 0 run(s), 1 hit(s), 0 error(s), 0 left on base; Spanish Fork HS 1 - Maris School 7
BOTTOM OF THE 8TH
Maris School Mariners batting - Pitching for Spanish Fork HS : LHP Patrice Galipeau
Batting: RHB Stephen Welshman 0-0: Called Strike
0-1: Foul Ball, location: 2F
0-2: Foul Ball, location: 2F
0-2: Strikes out swinging
Pitching: LHP Leonard Scott
Batting: RHB Richard Jeffries 0-0: Ground out 6-3 (Groundball, 6)
Batting: RHB Dusty Pope 0-0: Called Strike
0-1: Fly out, F9 (Flyball, 9)
Bottom of the 8th over - 0 run(s), 0 hit(s), 0 error(s), 0 left on base; Spanish Fork HS 1 - Maris School 7
TOP OF THE 9TH
Spanish Fork HS batting - Pitching for Maris School Mariners : LHP Juan Gallegos
Batting: RHB David Brady 0-0: Swinging Strike
0-1: Ball
1-1: Ground out 1-3 (Groundball, P)
Batting: RHB Octávio Ramérez 0-0: Called Strike
0-1: Called Strike
0-2: Ground out 1-3 (Groundball, 13)
Batting: RHB Thomas Hollis 0-0: Called Strike
0-1: Foul Ball, location: 2F
0-2: Ball
1-2: Ball
2-2: Ball
3-2: Strikes out looking
Top of the 9th over - 0 run(s), 0 hit(s), 0 error(s), 0 left on base; Spanish Fork HS 1 - Maris School 7
Tuesday, August 8th, 2017 - OOTP Baseball 17.12 Build 75